 Dungeon Crawl Stone Soup version 0.23.2-1-ga50397a6bc (webtiles) character file.

Game seed: 12870223449474649875

53 Jukra the Skirmisher (level 3, -1/40 HPs)
             Began as an Ogre Berserker on May 19, 2019.
             Was a Believer of Trog.
             Slain by an adder (2 damage)
             ... on level 2 of the Dungeon.
             The game lasted 00:03:31 (1190 turns).

Jukra the Skirmisher (Ogre Berserker)               Turns: 1190, Time: 00:03:33

Health: -1/40      AC:  3    Str: 22    XL:     3   Next: 87%
Magic:  3/3        EV: 10    Int:  8    God:    Trog [**....]
Gold:   76         SH:  0    Dex:  8    Spells: 2/2 levels left

rFire    + . .     SeeInvis .   a - +0 mace
rCold    . . .     Gourm    .   (no shield)
rNeg     . . .     Faith    .   b - +0 animal skin
rPois    .         Spirit   .   (helmet restricted)
rElec    .         Reflect  .   (no cloak)
rCorr    .         Harm     .   (gloves unavailable)
MR       +....                  (boots unavailable)
Stlth    +.........             (no amulet)
HPRegen  0.13/turn              e - ring of protection from magic
MPRegen  0.08/turn              f - ring of protection from fire

@: lethally poisoned (-1 -> -2), berserk cooldown, slowed, very slow
A: large, unfitting armour, tough skin 1
a: Berserk, Trog's Hand, Renounce Religion


You were on level 2 of the Dungeon.
You worshipped Trog.
Trog was pleased with you.
You were very hungry.

You visited 1 branch of the dungeon, and saw 2 of its levels.

You collected 76 gold pieces.

Inventory:

Hand Weapons
 a - a +0 mace (weapon)
Armour
 b - a +0 animal skin (worn)
Jewellery
 e - a ring of protection from magic (left hand)
 f - a ring of protection from fire (right hand)
 g - a cursed ring of fire {unknown}
Scrolls
 d - 5 scrolls of identify {unknown}
 l - 3 scrolls of remove curse {unknown}
 m - a scroll of amnesia {unknown}
Potions
 h - 2 potions of flight {unknown}
 i - 2 potions of berserk rage {unknown}
 j - a potion of agility {unknown}
 k - a potion of cancellation {unknown}
 n - a potion of ambrosia {unknown}
Comestibles
 c - 3 rations


   Skills:
 + Level 4.7 Fighting
 + Level 3.5 Maces & Flails
 + Level 3.0 Dodging
 + Level 0.2 Stealth


You had 2 spell levels left.
You didn't know any spells.
Your spell library was empty.

Dungeon Overview and Level Annotations

Branches:
Dungeon (2/15)

Altars:


Innate Abilities, Weirdness & Mutations

You are too large for most types of armour.
You have tough skin. (AC +1)


Message History

The jackal bites you but does no damage.
The jackal barely misses you. The jackal closely misses you.
You hit the jackal.
You kill the jackal!
Trog accepts your kill.
You feel sick. The adder barely misses you. The adder bites you.
* * * LOW HITPOINT WARNING * * *
You hit the adder but do no damage.
* * * LOW HITPOINT WARNING * * *
You feel sick.
The adder bites you but does no damage. x2
You hit the adder.
The adder is lightly wounded.
The adder closely misses you. x2
You hit the adder.
The adder is heavily wounded.
You are feeling very hungry.
* * * LOW HITPOINT WARNING * * *
You feel sick. The adder misses you. The adder bites you but does no damage.
The adder bites you.
You die...

. .. ... ########### ....
#.........# .....
##.........#######K.....
##.........##..รท@Sh.....
......#######.#####.....
###..#### #..# #.#
........# #.##
..#>###.####.# #...#
#......# ....#####.....#
#....####..##....#
###.......## ###...


You could see an adder, a jackal and a kobold.

Vanquished Creatures
  2 adders (D:2)
  2 dart slugs (D:2)
  2 giant cockroaches
  2 goblins
  4 hobgoblins (D:1)
  5 jackals
  5 kobolds (D:1)
  A ball python (D:1)
  3 bats (D:1)
  A frilled lizard (D:1)
  3 rats
30 creatures vanquished.

Notes
Turn   | Place    | Note
-------+----------+-------------------------------------------
     0 | D:1      | Jukra the Ogre Berserker began the quest for the Orb.
     0 | D:1      | Reached XP level 1. HP: 24/24 MP: 1/1
   107 | D:1      | Reached XP level 2. HP: 6/32 MP: 2/2
   108 | D:1      | HP: 1/48 [kobold/+0 whip (3)]
  1097 | D:2      | Reached XP level 3. HP: 40/40 MP: 3/3
  1129 | D:2      | Reached ** piety under Trog
  1188 | D:2      | HP: 2/40 [poisoned by an adder]
  1190 | D:2      | Slain by an adder

Skill      XL: |  1  2  3 |
---------------+----------+-----
Maces & Flails | 3 |  3.5
Dodging        | 3 |  3.0
Fighting       | |  4.7
Stealth        | |  0.2

Action                   || total
-------------------------++-------
Melee: Mace              ||    92
Invok: Berserk           ||     2
  Eat: Chunk             ||     2
Armor: Animal skin       ||    40
Dodge: Dodged            ||    53
